 Dungeon Crawl Stone Soup version 0.29-a0-320-g9f8742066b (webtiles) character file.

Game seed: 287623083499136001

574 Getoffmy the Slasher (level 7, 0/56 HPs)
             Began as a Barachi Fighter on Apr 3, 2022.
             Was an Initiate of Cheibriados.
             Slain by a killer bee (2 damage)
             ... on level 5 of the Dungeon.
             The game lasted 00:08:37 (5102 turns).

Getoffmy the Slasher (Barachi Fighter)              Turns: 5102, Time: 00:08:38

Health: 0/56       AC: 12    Str: 32    XL:     7   Next: 34%
Magic:  7/7        EV:  8    Int:  9    God:    Cheibriados [......]
Gold:   169        SH:  5    Dex: 13    Spells: 6/6 levels left

rFire   . . .      SeeInvis .   a - +0 long sword
rCold   . . .      Faith    .   c - +0 buckler
rNeg    . . .      Spirit   .   q - +0 chain mail
rPois   .          Reflect  .   k - +0 helmet
rElec   .          Harm     .   (no cloak)
rCorr   .          Rampage  .   u - +0 pair of gloves
Will    .....                   (no boots)
Stlth   ..........              (no amulet)
HPRegen 0.18/turn               n - +6 ring of strength
MPRegen 0.10/turn               r - +6 ring of strength

@: lethally poisoned (0 -> -14), attractive, hasted, quick
A: amphibious, slowness 1, strong legs 1, +LOS
a: Hop, Renounce Religion


You were on level 5 of the Dungeon.
You worshipped Cheibriados.
Cheibriados was noncommittal.
You visited 2 branches of the dungeon, and saw 6 of its levels.

You collected 169 gold pieces.

Inventory:

Hand Weapons
 a - a +0 long sword (weapon)
 b - a +0 hunting sling
Missiles
 e - 246 stones (quivered)
 o - a boomerang
Armour
 c - a +0 buckler (worn)
 k - a +0 helmet (worn)
 q - a +0 chain mail (worn)
 u - a +0 pair of gloves (worn)
Jewellery
 n - a +6 ring of strength (left hand)
 r - a +6 ring of strength (right hand)
Scrolls
 g - 3 scrolls of identify
 i - a scroll of fog
 j - 3 scrolls of teleportation
 l - a scroll of blinking {unknown}
Potions
 d - a potion of attraction
 f - a potion of brilliance
 h - a potion of resistance
 m - a potion of ambrosia
 p - a potion of haste
 t - a potion of magic {unknown}
 v - a potion of flight {unknown}
 w - a potion of curing {unknown}
 z - a potion of berserk rage {unknown}


   Skills:
 + Level 5.4 Fighting
 * Level 6.3 Long Blades
 + Level 5.4 Armour
 - Level 4.9 Shields
 + Level 0.0 Invocations


You had 6 spell levels left.
You didn't know any spells.
Your spell library contained the following spells:

 Spells                   Type           Power      Damage    Failure   Level
 Beastly Appendage        Tmut           0%         N/A       92%         1
 Wereblood                Tmut           0%         N/A       98%         2
 Conjure Flame            Conj/Fire      0%         6-21      100%        3
 Ignite Poison            Fire/Tmut/Pois 0%         N/A       100%        3
 Spider Form              Tmut/Pois      0%         N/A       100%        3
 Sticky Flame             Conj/Fire      0%         2d3       100%        4


Dungeon Overview and Level Annotations

Branches:
Dungeon (5/15)             Temple (1/1) D:5

Altars:
Ashenzari
Cheibriados
Elyvilon
Fedhas
Nemelex Xobeh
Okawaru
Ru
Sif Muna
Trog
Vehumet
Xom
Zin

Shops:
D:5 ?


Innate Abilities, Weirdness & Mutations

You are amphibious.
You cover ground slowly.
You can hop short distances.
You have an extended range of vision and can be seen from far away.


Message History

You block the killer bee's attack.
You feel very sick. The killer bee closely misses you.
The killer bee stings you but does no damage.
The killer bee stings you. x2; You block the killer bee's attack.
You feel sick. The killer bee stings you.
The killer bee stings you but does no damage.
The killer bee stings you.
You are more poisoned.
The killer bee poisons you! The killer bee completely misses you.
The killer bee stings you but does no damage.
The killer bee stings you. The killer bee barely misses you.
The killer bee stings you but does no damage.
The killer bee attacks as you move away!
The killer bee stings you.
You are lethally poisoned!
The killer bee poisons you!
* * * LOW HITPOINT WARNING * * *
You feel very sick. The killer bee misses you. The killer bee stings you.
* * * LOW HITPOINT WARNING * * *
The killer bee stings you but does no damage. x2
The killer bee stings you.
* * * LOW HITPOINT WARNING * * *
The killer bee stings you but does no damage.
You block the killer bee's attack.
It was a potion of attraction.
You feel attractive to monsters.
* * * LOW HITPOINT WARNING * * *
You feel very sick. The killer bee closely misses you.
The killer bee barely misses you. You block the killer bee's attack.
The killer bee stings you but does no damage. x2
The killer bee closely misses you.
It was a potion of haste.
You feel yourself speed up.
Cheibriados forgives your accidental hurry, just this once.
* * * LOW HITPOINT WARNING * * *
You feel very sick. The killer bee stings you.
You die...

.#. .... ... ...
#.. #######
##...###..###@y.†.#
............yyy..##
.................#
#....######..####
##....##..##..#
..............+
..............#
..............#
..........##..# ##


You could see 4 killer bees.

Vanquished Creatures
  Duvessa (D:4)
  A black bear (D:4)
  A scorpion (D:5)
  Dowan (D:4)
  A jelly (D:5)
  A hound (D:4)
  Ijyb (D:4)
  An iguana (D:4)
  An orc wizard (D:4)
  4 gnolls (D:4)
  2 adders
  2 worms
  A dart slug (D:2)
  4 orcs
  6 endoplasms
  4 giant cockroaches
  6 goblins
  7 hobgoblins
  3 quokkas
  3 ball pythons
  2 bats (D:3)
  2 frilled lizards
  5 kobolds
  3 rats
63 creatures vanquished.

Vanquished Creatures (others)
  2 plants (D:1)
2 creatures vanquished.

Grand Total: 65 creatures vanquished

Notes
Turn   | Place    | Note
-------+----------+-------------------------------------------
     0 | D:1      | Getoffmy the Barachi Fighter began the quest for the Orb.
     0 | D:1      | Reached XP level 1. HP: 18/18 MP: 1/1
   188 | D:1      | Reached XP level 2. HP: 25/25 MP: 2/2
   449 | D:1      | Reached skill level 3 in Long Blades
   978 | D:1      | Found a faded altar of an unknown god.
   988 | D:1      | Prayed at the altar of an unknown god.
   988 | D:1      | Became a worshipper of Elyvilon the Healer
   988 | D:1      | Reached * piety under Elyvilon
  1191 | D:2      | Reached XP level 3. HP: 30/30 MP: 3/3
  1554 | D:2      | Reached ** piety under Elyvilon
  2456 | D:3      | Reached XP level 4. HP: 37/37 MP: 4/4
  2727 | D:4      | Reached skill level 4 in Long Blades
  2765 | D:4      | Noticed a black bear
  2777 | D:4      | Killed a black bear
  2778 | D:4      | Reached XP level 5. HP: 34/43 MP: 5/5
  2790 | D:4      | Identified the +2 leather armour "Yfarajanui" {rPois rCorr
                  | Dex+4 SInv}
  3298 | D:4      | Reached *** piety under Elyvilon
  3330 | D:4      | Noticed Ijyb
  3331 | D:4      | Paralysed by Ijyb for 4 turns
  3338 | D:4      | Paralysed by Ijyb for 4 turns
  3343 | D:4      | Paralysed by Ijyb for 3 turns
  3349 | D:4      | Paralysed by Ijyb for 3 turns
  3357 | D:4      | Killed Ijyb
  3358 | D:4      | Reached skill level 5 in Long Blades
  3358 | D:4      | Reached XP level 6. HP: 32/49 MP: 6/6
  3490 | D:4      | Noticed Duvessa
  3490 | D:4      | Noticed Dowan
  3520 | D:4      | Killed Duvessa
  3521 | D:4      | Reached skill level 5 in Fighting
  3521 | D:4      | Reached skill level 5 in Armour
  3524 | D:4      | Killed Dowan
  3791 | D:4      | Reached XP level 7. HP: 54/56 MP: 7/7
  4014 | D:4      | Reached skill level 6 in Long Blades
  4336 | D:5      | Entered Level 5 of the Dungeon
  4336 | D:5      | Found Taprieqa's Magic Scroll Boutique.
  4360 | D:5      | Found a staircase to the Ecumenical Temple.
  4485 | D:5      | Found a bloodstained altar of Trog.
  4672 | Temple   | Entered the Ecumenical Temple
  4829 | Temple   | Fell from the grace of Elyvilon
  4829 | Temple   | Became a worshipper of Cheibriados the Contemplative
  5102 | D:5      | HP: 2/56 [poisoned by a killer bee]
  5102 | D:5      | Slain by a killer bee

Illustrated notes

Levels and vault maps discovered:
D:1:      minmay_arrival_radiant_lines, layout_loops_ring,
          shapermc_ecumenical_altar_petra
D:2:      layout_basic
D:3:      layout_basic
D:4:      layout_gridville, nicolae_figureground_pulse, uniq_ijyb, uniq_duvessa
D:5:      layout_gridville, mainiacjoe_overflow_catwalk,
          minmay_temple_entry_nine_rooms, serial_shops, nicolae_stop_n_shop_2
Temple:   minmay_temple_curvy_loop

Skill      XL: |  1  2  3  4  5  6  7 |
---------------+----------------------+-----
Long Blades    | 3 4 5 6 |  6.3
Armour         | 4 5 |  5.4
Fighting       | 4 5 |  5.4
Shields        | 4 |  4.9

Action                   |  1- 3 |  4- 6 |  7- 9 || total
-------------------------+-------+-------+-------++-------
Melee: Long sword        |   120 |   126 |    51 ||   297
Throw: Stone             |       |     3 |       ||     3
 Abil: Hop               |     1 |       |     2 ||     3
  Use: Scroll            |       |    10 |     1 ||    11
       Potion            |       |     2 |     2 ||     4
Armor: Scale mail        |    38 |       |       ||    38
       Chain mail        |    20 |    94 |    49 ||   163
Dodge: Dodged            |    36 |    48 |    43 ||   127
Block: Buckler           |    27 |    27 |    27 ||    81

Table legend: (Time is in decaauts)
 A = Elapsed time spent in this place.
 B = Non-inter-level travel time spent in this place.
 C = Inter-level travel time spent in this place.
 D = Time resting spent in this place.
 E = Time spent auto-exploring this place.
 F = Levels seen in this place.
 G = Mean time per level.
                   A        B        C        D        E       F      G
               +--------+--------+--------+--------+--------+-----+--------+
         Total |   5722 |   5375 |    347 |   1565 |   2853 |   6 |  953.7 |
       Dungeon |   5501 |   5216 |    285 |   1565 |   2706 |   5 | 1100.2 |
        Temple |    221 |    159 |     62 |      0 |    147 |   1 |  221.0 |
               +--------+--------+--------+--------+--------+-----+--------+

Top non-repeatable levels by time:
     D:4: 1439 daAuts
     D:1: 1216 daAuts
     D:3: 1107 daAuts
     D:2: 1073 daAuts
     D:5: 664 daAuts
  Temple: 221 daAuts
